 Dungeon Crawl Stone Soup version 0.27.1-33-g824d729ab1 (webtiles) character file.

Game seed: 10041074447352320345

90 safid the Shield-Bearer (level 4, -1/40 HPs)
             Began as a Hill Orc Fighter on Dec 30, 2021.
             Slain by a kobold brigand (5 damage)
             ... on level 3 of the Dungeon.
             The game lasted 00:04:12 (2867 turns).

safid the Shield-Bearer (Hill Orc Fighter)          Turns: 2867, Time: 00:04:13

Health: -1/40      AC:  7    Str: 19    XL:     4   Next: 56%
Magic:  4/4        EV:  7    Int:  8    God:
Gold:   149        SH:  9    Dex: 10    Spells: 3/3 levels left

rFire    . . .     SeeInvis .   a - +0 war axe
rCold    + . .     Faith    .   c - +0 kite shield
rNeg     . . .     Spirit   .   b - +0 scale mail
rPois    .         Reflect  .   (no helmet)
rElec    .         Harm     .   (no cloak)
rCorr    .         Rampage  .   (no gloves)
Will     .....                  (no boots)
Stlth    ..........             (no amulet)
HPRegen  0.13/turn              p - ring of protection from cold
MPRegen  0.09/turn              (no ring)

@: no status effects
A: no striking features
a: no special abilities


You were on level 3 of the Dungeon.
You visited 1 branch of the dungeon, and saw 4 of its levels.

You collected 149 gold pieces.

Inventory:

Hand Weapons
 a - a +0 war axe (weapon)
Armour
 b - a +0 scale mail (worn)
 c - a +0 kite shield (worn)
Jewellery
 j - a ring of fire
 p - a ring of protection from cold (left hand)
Scrolls
 e - 4 scrolls of enchant weapon {unknown}
 g - a scroll of blinking {unknown}
 i - a scroll of holy word {unknown}
 k - a scroll of identify {unknown}
 l - a scroll of enchant armour {unknown}
 o - a scroll of silence {unknown}
 q - a scroll of vulnerability {unknown}
Potions
 d - a potion of might
 f - a potion of flight {unknown}
 h - 3 potions of curing {unknown}
 m - 2 potions of heal wounds {unknown}
 n - 2 potions of mutation {unknown}
 r - a potion of attraction {unknown}


   Skills:
 - Level 4.0 Fighting
 + Level 4.2 Axes
 - Level 4.0 Armour
 + Level 4.2 Shields


You had 3 spell levels left.
You didn't know any spells.
Your spell library contained the following spells:

 Spells                   Type           Power      Damage    Failure   Level
 Freeze                   Ice            0%         1d3       99%         1
 Frozen Ramparts          Ice            0%         1d2       100%        3
 Hailstorm                Conj/Ice       0%         3d3       100%        4


Dungeon Overview and Level Annotations

Branches:
Dungeon (4/15)
 Temple: D:4-7

Altars:
Gozag
Nemelex Xobeh
Yredelemnul
Zin
The Shining One

Shops:
D:3 (


Message History

You are too injured to fight recklessly!
You are too injured to fight recklessly!
You are too injured to fight recklessly!
You are too injured to fight recklessly!
You are too injured to fight recklessly!
You are too injured to fight recklessly!
You are too injured to fight recklessly!
You are too injured to fight recklessly!
You are too injured to fight recklessly!
You are too injured to fight recklessly!
You hit the kobold brigand but do no damage.
The kobold brigand is heavily wounded.
You block the kobold brigand's attack.
Unknown command.
You closely miss the kobold brigand.
The kobold brigand is moderately wounded.
You block the kobold brigand's attack.
The kobold brigand hits you with a +4 dagger.
* * * LOW HITPOINT WARNING * * *
Unknown command.
You closely miss the kobold brigand.
The kobold brigand is moderately wounded.
You block the kobold brigand's attack.
Unknown command.
You slash the kobold brigand!
The kobold brigand is severely wounded.
The kobold brigand hits you with a +4 dagger.
* * * LOW HITPOINT WARNING * * *
You block the kobold brigand's attack.
Unknown command.
You hit the kobold brigand.
The kobold brigand is almost dead.
You block the kobold brigand's attack.
Unknown command.
You hit the kobold brigand but do no damage.
The kobold brigand is almost dead.
The kobold brigand hits you with a +4 dagger.
* * * LOW HITPOINT WARNING * * *
The kobold brigand hits you with a +4 dagger.
You die...

..._.............#
#.....##.........#
..#.#..#.........#
.##.##...#####.###
.........#####.####
#...#..........(..##
..#.#.#............##
....#...............#
................@...#
...............K))..#
....................#
.......^............#
...................##
.......#..........##
#.#.#.########.####
#.#...# #.# #.#.####
#.#


You could see a kobold brigand.

Vanquished Creatures
  3 adders
  A white imp (D:3)
  A dart slug (D:2)
  2 orcs (D:4)
  4 endoplasms
  2 giant cockroaches
  4 goblins
  2 hobgoblins
  23 kobolds
  A quokka (D:2)
  6 bats
  2 frilled lizards (D:2)
  4 rats
55 creatures vanquished.

Vanquished Creatures (others)
  2 gnolls (D:4)
  37 plants
39 creatures vanquished.

Grand Total: 94 creatures vanquished

Notes
Turn   | Place    | Note
-------+----------+-------------------------------------------
     0 | D:1      | safid the Hill Orc Fighter began the quest for the Orb.
     0 | D:1      | Reached XP level 1. HP: 19/19 MP: 1/1
   730 | D:2      | Reached XP level 2. HP: 18/26 MP: 2/2
   961 | D:2      | Reached XP level 3. HP: 32/33 MP: 3/3
  1587 | D:3      | Found a glowing silver altar of Zin.
  1660 | D:3      | Found a sparkling altar of Nemelex Xobeh.
  1666 | D:3      | Reached XP level 4. HP: 35/40 MP: 4/4
  1798 | D:3      | Found a faded altar of an unknown god.
  1857 | D:3      | Found a basalt altar of Yredelemnul.
  1859 | D:3      | Noticed a profane servitor
  1878 | D:3      | Found a glowing golden altar of the Shining One.
  1880 | D:3      | Noticed an angel
  2015 | D:3      | Found Vekapraz's Weapon Boutique.
  2029 | D:3      | Found an opulent altar of Gozag.
  2315 | D:4      | Noticed a kobold brigand
  2867 | D:3      | Slain by a kobold brigand

Illustrated notes

Levels and vault maps discovered:
D:1:      wander_arrival_estate, layout_basic
D:2:      layout_loops_ring, minmay_misc_feat_alley, minmay_strange_pillars
D:3:      layout_rooms, grunt_temple_overflow_holy_war,
          mainiacjoe_overflow_small_starburst, mainiacjoe_overflow_chevrons,
          mainiacjoe_overflow_tiny_flanked,
          hellmonk_ecumenical_altar_arch_garden, serial_shops,
          nicolae_square_shop
D:4:      kennysheep_kobold_camp, layout_loops_corners, fiery_altar_vehumet,
          ebering_ghost_sewer_f

Skill      XL: |  1  2  3  4 |
---------------+-------------+-----
Axes           | 3 4 |  4.2
Fighting       | 4 |  4.0
Armour         | 4 |  4.0
Shields        | 4 |  4.2

Action                   |  1- 3 |  4- 6 || total
-------------------------+-------+-------++-------
Melee: War axe           |    84 |    66 ||   150
Armor: Scale mail        |    39 |    20 ||    59
Dodge: Dodged            |    22 |    32 ||    54
Block: Kite shield       |    53 |    56 ||   109
